Map: Abyssal Reef LE

Players

LiquidTLO (TLO) - Winner!

  • Race: Zerg Zerg
  • Spawn Location: 5:00

Gauss

  • Race: Protoss Protoss
  • Spawn Location: 11:00

Event: IEM XI Katowice - World Championship 2017

VOD

Have the link to the VOD?

Description

Time

  • Played on: Feb. 27, 2017, 6:10 a.m.
  • Length: 8:39

All games in this series

Show
View Real Time Build Order
Export as new Build Order

LiquidTLO Zerg - Winner!

Build Orders: Hatch First 

Get SALT Encoding   

  12  0:00  Drone  
  13  0:13  Overlord  
  13  0:17  Drone  
  14  0:33  Drone x2  
  16  0:49  Hatchery  
  15  0:53  Drone  
  15  0:56  Drone  
  17  1:10  Spawning Pool  
  16  1:13  Drone  
  16  1:16  Drone  
  18  1:21  Extractor  
  18  1:22  Drone  
  18  1:29  Drone  
  19  1:39  Overlord  
  19  1:57  Zergling x2, Queen  
  19  2:00  Zergling x2  
  23  2:02  Queen  
  23  2:03  Drone  
  26  2:11  Drone  
  27  2:17  Drone  
  27  2:21  Metabolic Boost  
  27  2:22  Drone  
  29  2:23  Drone  
  30  2:33  Drone  
  30  2:34  Drone  
  32  2:48  Hatchery  
  31  2:53  Queen  
  31  2:56  Drone  
  34  3:01  Overlord  
  35  3:05  Drone  
  35  3:09  Drone  
  35  3:12  Overlord  
  36  3:21  Drone  
  36  3:22  Drone  
  36  3:24  Zergling x2  
  36  3:26  Drone  
  40  3:28  Drone  
  40  3:31  Drone  
  41  3:39  Drone  
  41  3:40  Roach Warren, Drone  
  41  3:42  Drone  
  41  3:45  Drone  
  41  3:46  Drone  
  41  3:48  Drone  
  45  3:52  Drone  
  46  3:56  Drone  
  46  3:58  Evolution Chamber  
  46  4:00  Drone  
  46  4:02  Evolution Chamber, Drone  
  47  4:03  Drone  
  47  4:04  Drone x2  
  50  4:12  Extractor, Drone x2  
  50  4:17  Overlord  
  51  4:20  Overlord  
  51  4:22  Drone x2  
  51  4:23  Zerg Missile Weapons Level 1  
  53  4:25  Overlord  
  53  4:27  Roach x2  
  53  4:30  Spore Crawler  
  56  4:32  Overlord  
  56  4:37  Roach x2  
  60  4:39  Roach  
  60  4:42  Roach, Drone  
  65  4:46  Overlord  
  65  4:49  Overlord  
  65  4:50  Roach  
  67  4:53  Spore Crawler, Drone  
  67  4:57  Roach  
  67  4:58  Roach  
  71  5:02  Drone x2  
  71  5:04  Drone  
  71  5:05  Drone x2  
  76  5:07  Drone  
  77  5:14  Drone  
  77  5:16  Spore Crawler, Lair, Drone  
  77  5:18  Drone x2  
  77  5:19  Drone  
  83  5:21  Roach  
  83  5:25  Roach  
  85  5:28  Overlord  
  85  5:29  Zergling x4, Extractor  
  85  5:30  Extractor  
  85  5:32  Roach  
  87  5:36  Extractor, Roach  
  87  5:40  Roach Warren  
  87  5:41  Roach  
  89  5:44  Zergling x2  
  89  5:45  Zergling x2  
  89  5:46  Zergling x2  
  89  5:48  Zergling x4  
  94  5:54  Zergling x4  
  94  5:56  Roach  
  94  5:57  Roach  
  98  5:59  Roach  
  98  6:00  Roach  
  98  6:01  Zergling x2  
  101  6:04  Zergling x2, Roach  
  101  6:08  Roach  
  101  6:14  Zergling x2  
  101  6:18  Zergling x2, Drone  
  104  6:19  Drone  
  104  6:22  Zergling x2, Extractor  
  105  6:26  Glial Reconstitution  
  105  6:27  Drone  
  105  6:29  Overlord x3  
  105  6:31  Overlord  
  106  6:45  Overlord  
  105  6:48  Roach x3  
  105  6:49  Roach  
  105  6:50  Roach  
  105  6:51  Roach  
  105  6:52  Roach  
  105  6:53  Roach  
  120  6:54  Roach x2  
  120  6:55  Roach  
  120  6:56  Roach  
  120  6:57  Roach  
  120  7:01  Roach  
  128  7:03  Roach  
  128  7:05  Roach  
  128  7:10  Roach  
  128  7:11  Roach x2  
  128  7:12  Drone  
  133  7:16  Drone  
  133  7:17  Drone  
  133  7:18  Drone  
  133  7:22  Drone x3  
  139  7:24  Roach  
  139  7:29  Roach  
  143  7:31  Drone  
  144  7:37  Roach  
  144  7:42  Overlord  
  145  7:45  Overlord  
  145  7:47  Overlord  
  145  7:51  Overlord  
  144  8:01  Roach  
  144  8:04  Roach  
  144  8:05  Roach x3  
  153  8:07  Roach x2  
  153  8:11  Roach x2  
  153  8:12  Roach  
  164  8:13  Roach, Ravager  
  164  8:15  Zergling x2  
  164  8:16  Zergling x2  
  164  8:17  Roach  
  164  8:19  Roach  
Show
View Real Time Build Order
Export as new Build Order

Gauss Protoss 

Build Orders: 1 Gate Expand 

Get SALT Encoding   

  12  0:00  Probe (Chrono Boost)  
  13  0:11  Probe (Chrono Boost)  
  14  0:17  Pylon  
  14  0:22  Probe (Chrono Boost)  
  16  0:35  Probe (Chrono Boost)  
  16  0:40  Gateway  
  16  0:46  Probe (Chrono Boost)  
  17  0:56  Probe (Chrono Boost)  
  18  1:07  Probe (Chrono Boost)  
  19  1:17  Nexus  
  19  1:25  Pylon  
  19  1:26  Probe (Chrono Boost)  
  20  1:34  Assimilator  
  20  1:37  Probe (Chrono Boost)  
  21  1:47  Probe (Chrono Boost)  
  22  1:57  Cybernetics Core  
  22  2:02  Gateway  
  22  2:04  Probe (Chrono Boost)  
  23  2:09  Pylon  
  23  2:10  Assimilator  
  23  2:17  Probe (Chrono Boost)  
  23  2:22  Warp Gate  
  24  2:27  Probe (Chrono Boost)  
  25  2:36  Zealot  
  27  2:37  Probe (Chrono Boost)  
  27  2:38  Probe (Chrono Boost)  
  29  2:48  Gateway  
  30  2:53  Mothership Core (Chrono Boost)  
  32  2:59  Probe (Chrono Boost)  
  31  3:10  Gateway  
  31  3:12  Probe (Chrono Boost)  
  31  3:24  Probe (Chrono Boost)  
  31  3:26  Probe (Chrono Boost)  
  33  3:33  Twilight Council  
  32  3:37  Probe (Chrono Boost)  
  32  3:39  Probe (Chrono Boost)  
  34  3:48  Probe (Chrono Boost)  
  35  3:51  Probe (Chrono Boost)  
  36  3:57  Pylon  
  36  3:58  Probe (Chrono Boost)  
  38  4:03  Probe (Chrono Boost)  
  38  4:04  Pylon  
  38  4:11  Resonating Glaives  
  38  4:20  Gateway  
  38  4:26  Stalker  
  38  4:29  Probe (Chrono Boost)  
  38  4:31  Assimilator, Probe (Chrono Boost)  
  42  4:33  Adept x2  
  42  4:34  Gateway  
  48  4:45  Probe (Chrono Boost)  
  48  4:47  Probe (Chrono Boost)  
  48  4:49  Pylon  
  48  4:50  Adept x2  
  52  5:01  Adept x2  
  56  5:10  Adept x2  
  56  5:13  Probe (Chrono Boost)  
  62  5:14  Probe (Chrono Boost)  
  62  5:16  Pylon  
  62  5:24  Adept x2  
  62  5:27  Probe (Chrono Boost)  
  68  5:28  Probe (Chrono Boost)  
  68  5:41  Adept  
  68  5:42  Adept x2  
  74  5:53  Probe (Chrono Boost)  
  74  5:55  Probe (Chrono Boost)  
  70  6:01  Adept  
  70  6:02  Adept x3  
  76  6:05  Probe (Chrono Boost)  
  76  6:07  Probe (Chrono Boost)  
  76  6:15  Probe (Chrono Boost)  
  76  6:18  Adept  
  74  6:19  Probe (Chrono Boost)  
  74  6:22  Robotics Facility  
  74  6:26  Probe (Chrono Boost)  
  74  6:27  Assimilator, Adept  
  74  6:28  Adept x3  
  74  6:31  Probe (Chrono Boost)  
  84  6:36  Probe (Chrono Boost)  
  84  6:39  Gateway  
  85  6:43  Probe (Chrono Boost)  
  86  6:56  Pylon  
  86  6:58  Pylon  
  82  7:02  Pylon  
  72  7:12  Nexus  
  72  7:13  Adept x4  
  68  7:16  Probe (Chrono Boost)  
  68  7:17  Immortal  
  68  7:18  Probe (Chrono Boost)  
  70  7:23  Pylon  
  70  7:25  Pylon  
  70  7:34  Sentry x4  
  74  7:51  Forge  
  74  7:56  Stalker x2  
  66  8:08  Zealot x5  
  66  8:14  Probe (Chrono Boost)  
  66  8:16  Probe (Chrono Boost)  
  57  8:22  Pylon x2  

Tags
 
Add a new tag
Caveats
  • Supply blocks, unpowered buildings, or Contaminate may cause inaccurate times.
  • Supply counts are checked every 10 seconds.